 Dungeon Crawl Stone Soup version 0.22.0-25-g7663229 (webtiles) character file.

877 Lew the Skirmisher (level 7, -2/62 HPs)
             Began as a White Draconian Fighter on Aug 20, 2018.
             Slain by Grinder (6 damage)
             ... while paralysed by Grinder
             ... on level 5 of the Dungeon.
             The game lasted 00:11:04 (5110 turns).

Lew the Skirmisher (White Draconian Fighter)        Turns: 5110, Time: 00:11:05

Health: -2/62      AC:  0    Str: 21    XL:     7   Next: 75%
Magic:  7/7        EV:  3    Int:  8    God:
Gold:   241        SH:  0    Dex: 10    Spells: 6/6 levels left

rFire    . . .     SeeInvis .   (weapon currently unavailable)
rCold    . . .     Gourm    .   (shield currently unavailable)
rNeg     . . .     Faith    .   (armour unavailable)
rPois    .         Spirit   .   (helmet currently unavailable)
rElec    .         Reflect  .   (cloak currently unavailable)
rCorr    .         Harm     .   (gloves currently unavailable)
MR       .....                  (boots currently unavailable)
Stlth    +.........             (no amulet)
HPRegen  0.20/turn              (ring currently unavailable)
MPRegen  0.10/turn              (ring currently unavailable)

@: paralysed, short of breath, pig-form, very quick
A: small, (breathe frost), unfitting armour, AC +6
a: no special abilities


You were on level 5 of the Dungeon.
You were not hungry.
You were a filthy swine.
You visited 1 branch of the dungeon, and saw 5 of its levels.
You also visited: Sewer.

You collected 241 gold pieces.

Inventory:

Hand Weapons
 a - a +1 war axe (melded)
 p - a +0 whip of venom
Armour
 b - a +0 shield (melded)
 c - a +0 pair of gloves (melded)
 n - a +0 cloak (melded)
Jewellery
 l - an uncursed ring of positive energy {unknown}
 m - a ring of see invisible (melded)
Wands
 e - a wand of enslavement (14)
Scrolls
 i - a scroll of amnesia
 j - a scroll of remove curse
Potions
 f - a potion of haste
 g - 2 potions of magic
 h - 2 potions of heal wounds
Comestibles
 d - 9 rations


   Skills:
 + Level 5.7 Fighting
 + Level 4.6 Axes
 + Level 4.8 Dodging
 + Level 5.2 Shields
 + Level 1.2 Evocations


You had 6 spell levels left.
You didn't know any spells.
Your spell library was empty.

Dungeon Overview and Level Annotations

Branches:
Dungeon (5/15)             Temple (0/1) D:4

Altars:
Sif Muna

Annotations:
D:5 Grinder


Innate Abilities, Weirdness & Mutations

((You can breathe waves of freezing cold.))
((You can buffet flying creatures when you breathe cold.))
((Your icy white scales are hard. (AC +6)))
You cannot fit into any form of body armour.
((Your flesh is cold resistant. (rC+)))
((You are cold-blooded and may be slowed by cold attacks.))


Message History

You can't do that in your present form.
Sorry, you're not good enough to have a special ability.
You hit Grinder but do no damage.
Grinder is lightly wounded.
Grinder barely misses you.
You barely miss Grinder.
Grinder is lightly wounded.
Grinder barely misses you.
You hit Grinder.
Grinder is lightly wounded.
Grinder gestures at you.
You suddenly lose the ability to move!
Grinder hits you! x2
* * * LOW HITPOINT WARNING * * *
You writhe in agony.
* * * LOW HITPOINT WARNING * * *
Grinder hits you.
* * * LOW HITPOINT WARNING * * *
You writhe in agony.
You die...

#.# #.# #.# #.#
#.# #.#
###.#######.#
#...........#
.####.#.#########
...............
......#.#######
#....#.h.......
#..#.?5.#######
#. #..... #
#...### .....
..#.#. ...#.#. .#
#.#.


You could see Grinder.

Vanquished Creatures
  A sky beast (D:5)
  An ogre (D:4)
  A big kobold (Sewer)
  A scorpion (D:5)
  A centaur skeleton (D:4)
  2 orc wizards
  3 worker ants (D:4)
  A hound skeleton (D:4)
  3 gnolls (D:2)
  4 river rats (Sewer)
  12 adders
  A howler monkey skeleton (D:4)
  10 oozes
  An adder skeleton (D:4)
  5 worms
  2 dart slugs
  8 leopard geckos
  16 orcs
  6 ball pythons
  6 giant cockroaches
  8 goblins
  9 hobgoblins
  9 jackals
  9 kobolds
  2 quokkas
  15 bats
  7 frilled lizards
  A jackal skeleton (D:4)
  15 rats
160 creatures vanquished.

Notes
Turn   | Place    | Note
-------+----------+-------------------------------------------
     0 | D:1      | Lew the Draconian Fighter began the quest for the Orb.
     0 | D:1      | Reached XP level 1. HP: 19/19 MP: 1/1
    29 | D:1      | Reached XP level 2. HP: 19/26 MP: 2/2
   742 | D:2      | Reached XP level 3. HP: 31/31 MP: 3/3
  1399 | D:2      | Reached XP level 4. HP: 33/40 MP: 4/4
  1628 | D:2      | Found a deep blue altar of Sif Muna.
  2368 | D:3      | Reached XP level 5. HP: 42/46 MP: 5/5
  2718 | D:3      | Found a glowing drain.
  2754 | Sewer    | Entered a sewer
  3205 | Sewer    | Reached XP level 6. HP: 32/53 MP: 6/6
  4015 | D:4      | Reached skill level 5 in Fighting
  4287 | D:4      | Your scales start taking on an icy white colour.
  4287 | D:4      | Reached XP level 7. HP: 24/61 MP: 7/7
  4287 | D:4      | Gained mutation: Your flesh is cold resistant. (rC+) [White Draconian growth]
  4689 | D:4      | Found a staircase to the Ecumenical Temple.
  4723 | D:4      | Reached skill level 5 in Shields
  4886 | D:5      | Entered Level 5 of the Dungeon
  5066 | D:5      | Reached skill level 1 in Evocations
  5089 | D:5      | Noticed Grinder
  5107 | D:5      | Paralysed by Grinder for 5 turns
  5110 | D:5      | Slain by Grinder

Skill      XL: |  1  2  3  4  5  6  7 |
---------------+----------------------+-----
Dodging        | 3 4 |  4.8
Fighting       | 4 5 |  5.7
Axes           | 3 4 |  4.6
Shields        | 4 5 |  5.2
Evocations     | 1 |  1.2

Action                   |  1- 3 |  4- 6 |  7- 9 || total
-------------------------+-------+-------+-------++-------
Melee: War axe           |   104 |   281 |    69 ||   454
       Tailslap          |     9 |    41 |     9 ||    59
       Whip              |       |   109 |       ||   109
       Unarmed           |       |       |     4 ||     4
 Abil: Breathe Frost     |       |       |     5 ||     5
  Use: Scroll            |       |     8 |       ||     8
       Potion            |       |     9 |       ||     9
 Stab: Sleeping          |       |     1 |       ||     1
  Eat: Chunk             |     2 |     5 |     2 ||     9
       Ration            |       |     2 |       ||     2
Armor: Skin              |    46 |   109 |    17 ||   172
Dodge: Dodged            |    57 |   181 |    31 ||   269
Block: Shield            |    71 |   201 |    38 ||   310
